AAA
SCRANTON WB RAILRIDERS @ DURHAM BULLS
05/19/2024
 
TOP OF THE 1ST
Scranton WB RailRiders batting - Pitching for Durham Bulls : RHP Paolo Espino
Pitching: RHP Paolo Espino
Batting: LHB Isan Diaz 0-0: Ball
1-0: Ball
2-0: SOLO HOME RUN (Flyball, 9LD, EV 91.9 MPH), Distance : 326 ft
Batting: RHB Joey Ortiz 0-0: Called Strike
0-1: Ground out 5-3 (Groundball, 56S, EV 70.0 MPH)
Batting: LHB Justin Dirden 0-0: Swinging Strike
0-1: SINGLE (Line Drive, 89S, EV 106.9 MPH)
Batting: SHB Josh Bell 0-0: Ball
1-0: Swinging Strike
1-1: Ball
2-1: Ball
3-1: Base on Balls
Justin Dirden to second
Batting: SHB Abraham Almonte 0-0: Ball
1-0: Fielders Choice at 3rd, U5 (Groundball, 5L, EV 90.6 MPH)
Josh Bell to second
Batting: LHB Darius Hill 0-0: Called Strike
0-1: Ball
1-1: Foul Ball, location: 2F
1-2: Fly out, F9 (Flyball, 9LS, EV 95.0 MPH)
Top of the 1st over - 1 run, 2 hits, 0 errors, 2 left on base; Scranton WB 1 - Durham 0
BOTTOM OF THE 1ST
Durham Bulls batting - Pitching for Scranton WB RailRiders : RHP Walker Powell
Pitching: RHP Walker Powell
Batting: RHB Braden Bishop 0-0: Called Strike
0-1: SINGLE (Line Drive, 78M, EV 91.9 MPH)
Batting: LHB Jake Alu 0-0: Called Strike
0-1: Fly out, F6 (Popup, P, EV 84.4 MPH)
Batting: LHB Cesar Prieto 0-0: Swinging Strike
0-1: Called Strike
0-2: DOUBLE (Line Drive, 9LD, EV 108.8 MPH)
Braden Bishop to third
Runner from 3rd tries for Home, SAFE, throw by RF to trailing runner, SAFE at third!
Batting: LHB Sam Hilliard 0-0: 2-RUN HOME RUN (Flyball, 9D, EV 95.6 MPH), Distance : 355 ft
Batting: RHB Danny Mendick 0-0: Bunt for hit to 5S - play at first, batter OUT! 5-3
Batting: RHB Jhonny Pereda 0-0: Foul Ball, location: 2F
0-1: Foul Ball, location: 2F
0-2: Ground out 4-3 (Groundball, 34D, EV 106.3 MPH)
Bottom of the 1st over - 3 runs, 3 hits, 0 errors, 0 left on base; Scranton WB 1 - Durham 3
TOP OF THE 2ND
Scranton WB RailRiders batting - Pitching for Durham Bulls : RHP Paolo Espino
Batting: RHB Mike Brosseau 0-0: Ground out 5-3 (Groundball, 56, EV 89.4 MPH)
Batting: RHB Jake Meyers 0-0: Called Strike
0-1: Ball
1-1: Fly out, F8 (Flyball, 8LS, EV 93.1 MPH)
Batting: LHB Drake Baldwin 0-0: Ball
1-0: Called Strike
1-1: Called Strike
1-2: Ball
2-2: Strikes out swinging
Top of the 2nd over - 0 runs, 0 hits, 0 errors, 0 left on base; Scranton WB 1 - Durham 3
BOTTOM OF THE 2ND
Durham Bulls batting - Pitching for Scranton WB RailRiders : RHP Walker Powell
Batting: SHB Henry Ramos 0-0: Ball
1-0: Called Strike
1-1: Ball
2-1: Foul Ball, location: 23F
2-2: Foul Ball, location: 5FF
2-2: Ball
3-2: Fly out, F9 (Flyball, 9S, EV 73.8 MPH)
Batting: SHB Cole Tucker 0-0: Ball
1-0: Foul Ball, location: 3FF
1-1: Fly out, F9 (Line Drive, 89M, EV 93.1 MPH)
Batting: RHB Jorge Alfaro 0-0: Ball
1-0: Fly out, F9 (Flyball, 9D, EV 108.8 MPH)
Bottom of the 2nd over - 0 runs, 0 hits, 0 errors, 0 left on base; Scranton WB 1 - Durham 3
TOP OF THE 3RD
Scranton WB RailRiders batting - Pitching for Durham Bulls : RHP Paolo Espino
Batting: LHB Isan Diaz 0-0: Called Strike
0-1: Ball
1-1: Swinging Strike
1-2: Ball
2-2: Strikes out swinging
Batting: RHB Joey Ortiz 0-0: Ball
1-0: Ball
2-0: Called Strike
2-1: Ball
3-1: SINGLE (Groundball, 4M, EV 109.4 MPH)
Batting: LHB Justin Dirden 0-0: Grounds into double play, 4-6-3 (Groundball, 4, EV 101.3 MPH)
Top of the 3rd over - 0 runs, 1 hit, 0 errors, 0 left on base; Scranton WB 1 - Durham 3
BOTTOM OF THE 3RD
Durham Bulls batting - Pitching for Scranton WB RailRiders : RHP Walker Powell
Batting: RHB Braden Bishop 0-0: Ground out 6-3 (Groundball, 6M, EV 90.6 MPH)
Batting: LHB Jake Alu 0-0: Ground out 4-3 (Groundball, 4, EV 102.5 MPH)
Batting: LHB Cesar Prieto 0-0: Called Strike
0-1: Called Strike
0-2: Ball
1-2: SINGLE (Line Drive, 34D, EV 74.4 MPH)
Batting: LHB Sam Hilliard 0-0: Ball
1-0: Ball
2-0: Ground out 4-3 (Groundball, 4, EV 89.4 MPH)
Bottom of the 3rd over - 0 runs, 1 hit, 0 errors, 1 left on base; Scranton WB 1 - Durham 3
TOP OF THE 4TH
Scranton WB RailRiders batting - Pitching for Durham Bulls : RHP Paolo Espino
Batting: SHB Josh Bell 0-0: Ball
1-0: Fly out, F2 (Popup, 23F, EV 88.8 MPH)
Batting: SHB Abraham Almonte 0-0: Foul Ball, location: 25F
0-1: Ball
1-1: Ball
2-1: Foul Ball, location: 3F
2-2: Foul Ball, location: 7LDF
2-2: Ball
3-2: SINGLE (Flyball, 4D, EV 85.6 MPH)
Batting: LHB Darius Hill 0-0: Called Strike
0-1: Fielders Choice at 2nd, 4-6 (Groundball, 4, EV 85.0 MPH)
Batting: RHB Mike Brosseau 0-0: Ball
1-0: Ball
2-0: Called Strike
Darius Hill is caught stealing 2nd base 2-4
Top of the 4th over - 0 runs, 1 hit, 0 errors, 0 left on base; Scranton WB 1 - Durham 3
BOTTOM OF THE 4TH
Durham Bulls batting - Pitching for Scranton WB RailRiders : RHP Walker Powell
Batting: RHB Danny Mendick 0-0: Foul Ball, location: 2F
0-1: Ground out 5-3 (Groundball, 56S, EV 89.4 MPH)
Batting: RHB Jhonny Pereda 0-0: Called Strike
0-1: Ball
1-1: Ball
2-1: Foul Ball, location: 2F
2-2: Foul Ball, location: 25F
2-2: Ball
3-2: Ground out 4-3 (Groundball, 34, EV 81.9 MPH)
Batting: SHB Henry Ramos 0-0: Ball
1-0: Called Strike
1-1: Ball
2-1: Ball
3-1: SINGLE (Groundball, 34D, EV 105.0 MPH)
Batting: SHB Cole Tucker 0-0: Ball
1-0: Ball
2-0: Called Strike
2-1: Ball
3-1: Foul Ball, location: 7LDF
3-2: Ground out 4-3 (Groundball, 34, EV 103.8 MPH)
Bottom of the 4th over - 0 runs, 1 hit, 0 errors, 1 left on base; Scranton WB 1 - Durham 3
TOP OF THE 5TH
Scranton WB RailRiders batting - Pitching for Durham Bulls : RHP Paolo Espino
Batting: RHB Mike Brosseau 0-0: SOLO HOME RUN (Flyball, 9D, EV 93.8 MPH), Distance : 353 ft
Batting: RHB Jake Meyers 0-0: Swinging Strike
0-1: Ball
1-1: Fly out, F5 (Popup, 5SF, EV 71.9 MPH)
Batting: LHB Drake Baldwin 0-0: Called Strike
0-1: Ground out 4-3 (Groundball, 34, EV 101.9 MPH)
Batting: LHB Isan Diaz 0-0: Fly out, F7 (Line Drive, 78S, EV 96.3 MPH)
Top of the 5th over - 1 run, 1 hit, 0 errors, 0 left on base; Scranton WB 2 - Durham 3
BOTTOM OF THE 5TH
Durham Bulls batting - Pitching for Scranton WB RailRiders : RHP Walker Powell
Batting: RHB Jorge Alfaro 0-0: Swinging Strike
0-1: Ball
1-1: Ball
2-1: SINGLE (Groundball, 3D, EV 100.0 MPH)
Batting: RHB Braden Bishop 0-0: Sac Bunt to 2L - play at first, batter OUT! 2-3
Jorge Alfaro to second
Batting: LHB Jake Alu 0-0: SINGLE (Groundball, 34D, EV 102.5 MPH)
Jorge Alfaro to third
Runner from 3rd tries for Home, SAFE, throw by RF to home
Batting: LHB Cesar Prieto 0-0: Foul Ball, location: 2F
0-1: Ball
1-1: Ball
2-1: Foul Ball, location: 3F
2-2: Strikes out swinging
Batting: LHB Sam Hilliard 0-0: Called Strike
0-1: Ball
1-1: Ball
2-1: Ground out 1-3 (Groundball, 15S, EV 70.0 MPH)
Bottom of the 5th over - 1 run, 2 hits, 0 errors, 1 left on base; Scranton WB 2 - Durham 4
TOP OF THE 6TH
Scranton WB RailRiders batting - Pitching for Durham Bulls : RHP Paolo Espino
Batting: RHB Joey Ortiz 0-0: SINGLE (Line Drive, 8LS, EV 105.6 MPH)
Batting: LHB Justin Dirden 0-0: Ball
1-0: Ball
2-0: Called Strike
2-1: Ball
3-1: Foul Ball, location: 9LMF
3-2: Strikes out looking
Batting: SHB Josh Bell 0-0: Grounds into double play, 1-6-3 (Groundball, 34S, EV 71.9 MPH)
Top of the 6th over - 0 runs, 1 hit, 0 errors, 0 left on base; Scranton WB 2 - Durham 4
BOTTOM OF THE 6TH
Durham Bulls batting - Pitching for Scranton WB RailRiders : RHP Walker Powell
Batting: RHB Danny Mendick 0-0: Called Strike
0-1: Ball
1-1: Called Strike
1-2: Ball
2-2: Foul Ball, location: 9LMF
2-2: SINGLE (Groundball, 6MD, EV 101.9 MPH)
Batting: RHB Jhonny Pereda 0-0: Ball
1-0: Ball
2-0: Bunt missed!
2-1: Foul Ball, location: 2F
2-2: Strikes out looking
Batting: SHB Henry Ramos 0-0: Foul Ball, location: 7LMF
0-1: Ball
1-1: Foul Ball, location: 25F
1-2: SINGLE (Groundball, 4MD, EV 103.8 MPH)
Danny Mendick to second
Batting: SHB Cole Tucker 0-0: Called Strike
0-1: Foul Ball, location: 2F
0-2: Ball
1-2: Foul Ball, location: 2F
1-2: Ball
2-2: 3-RUN HOME RUN (Flyball, 9D, EV 99.4 MPH), Distance : 376 ft
Pitching: LHP Aaron Leasher
Batting: RHB Jorge Alfaro 0-0: Called Strike
0-1: Foul Ball, location: 2F
0-2: Ball
1-2: Ground out 6-3 (Groundball, 6, EV 93.1 MPH)
Batting: RHB Braden Bishop 0-0: Ball
1-0: Called Strike
1-1: Swinging Strike
1-2: Foul Ball, location: 3DF
1-2: Ground out 6-3 (Groundball, 6S, EV 91.3 MPH)
Bottom of the 6th over - 3 runs, 3 hits, 0 errors, 0 left on base; Scranton WB 2 - Durham 7
TOP OF THE 7TH
Scranton WB RailRiders batting - Pitching for Durham Bulls : RHP Paolo Espino
Batting: SHB Abraham Almonte 0-0: Ball
1-0: Ball
2-0: Called Strike
2-1: Ground out 3-1 (Groundball, 34, EV 103.1 MPH)
Batting: LHB Darius Hill 0-0: Swinging Strike
0-1: Fly out, F4 (Popup, 4M, EV 62.5 MPH)
Batting: RHB Mike Brosseau 0-0: Ball
1-0: Ball
2-0: Ball
3-0: Called Strike
3-1: Foul Ball, location: 25F
3-2: SINGLE (Line Drive, 7LS, EV 103.1 MPH)
Batting: RHB Jake Meyers 0-0: Called Strike
0-1: Called Strike
0-2: Ball
1-2: Foul Ball, location: 2F
1-2: Foul Ball, location: 9LDF
1-2: Foul Ball, location: 2F
1-2: Foul Ball, location: 2F
1-2: Foul Ball, location: 23FF
1-2: Ground out 6-3 (Groundball, 6D, EV 103.8 MPH)
Top of the 7th over - 0 runs, 1 hit, 0 errors, 1 left on base; Scranton WB 2 - Durham 7
BOTTOM OF THE 7TH
Durham Bulls batting - Pitching for Scranton WB RailRiders : LHP Aaron Leasher
Batting: LHB Jake Alu 0-0: Fly out, F9 (Flyball, 9S, EV 78.8 MPH)
Batting: LHB Cesar Prieto 0-0: Called Strike
0-1: Foul Ball, location: 2LF
0-2: Fly out, F6 (Popup, 6M, EV 69.4 MPH)
Batting: LHB Sam Hilliard 0-0: Swinging Strike
0-1: Ball
1-1: Ground out 5-3 (Groundball, 56, EV 83.8 MPH)
Bottom of the 7th over - 0 runs, 0 hits, 0 errors, 0 left on base; Scranton WB 2 - Durham 7
TOP OF THE 8TH
Scranton WB RailRiders batting - Pitching for Durham Bulls : RHP Paolo Espino
Pitching: LHP Andy Otero
Batting: LHB Drake Baldwin 0-0: Ball
1-0: Foul Ball, location: 23F
1-1: Ball
2-1: Ball
3-1: Foul Ball, location: 2F
3-2: Foul Ball, location: 2F
3-2: Foul Ball, location: 2F
3-2: Foul Ball, location: 2F
3-2: Base on Balls
Batting: LHB Isan Diaz 0-0: DOUBLE (Groundball, 3L, EV 98.1 MPH)
Drake Baldwin to third
Batting: RHB Joey Ortiz 0-0: Called Strike
0-1: Fly out, F7 (Flyball, 7S, EV 82.5 MPH)
Batting: LHB Justin Dirden 0-0: Swinging Strike
0-1: Ball
1-1: Ball
2-1: Foul Ball, location: 2F
2-2: Strikes out swinging
Batting: SHB Josh Bell 0-0: Called Strike
0-1: Foul Ball, location: 2F
0-2: SINGLE (Groundball, 6MD, EV 94.4 MPH)
Drake Baldwin scores
Isan Diaz to third
Runner from 3rd tries for Home, SAFE, throw by CF to home
Batting: SHB Abraham Almonte 0-0: Called Strike
0-1: Ball
1-1: Ball
2-1: Foul Ball, location: 9LSF
2-2: Strikes out swinging
Top of the 8th over - 2 runs, 2 hits, 0 errors, 1 left on base; Scranton WB 4 - Durham 7
BOTTOM OF THE 8TH
Durham Bulls batting - Pitching for Scranton WB RailRiders : LHP Aaron Leasher
Batting: RHB Danny Mendick 0-0: Ground out 5-3 (Groundball, 5, EV 91.3 MPH)
Batting: RHB Jhonny Pereda 0-0: Ball
1-0: Called Strike
1-1: Called Strike
1-2: Ball
2-2: Ball
3-2: Ground out 6-3 (Groundball, 6, EV 98.8 MPH)
Batting: SHB Henry Ramos 0-0: Called Strike
0-1: Called Strike
0-2: Ball
1-2: Foul Ball, location: 5FF
1-2: SINGLE (Line Drive, 78S, EV 91.9 MPH)
Batting: SHB Cole Tucker 0-0: Called Strike
0-1: Ball
1-1: Foul Ball, location: 5F
1-2: Ball
2-2: Foul Ball, location: 23F
Balk!
Henry Ramos to second
2-2: Foul Ball, location: 2F
2-2: Strikes out swinging
Bottom of the 8th over - 0 runs, 1 hit, 0 errors, 1 left on base; Scranton WB 4 - Durham 7
TOP OF THE 9TH
Scranton WB RailRiders batting - Pitching for Durham Bulls : LHP Andy Otero
Pitching: RHP Noe Ramirez
Batting: LHB Darius Hill 0-0: Ball
1-0: Foul Ball, location: 7LMF
1-1: Swinging Strike
1-2: Fly out, F3 (Flyball, 3D, EV 85.6 MPH)
Batting: RHB Mike Brosseau 0-0: Foul Ball, location: 25F
0-1: Called Strike
0-2: Ball
1-2: Strikes out looking
Batting: RHB Jake Meyers 0-0: Called Strike
0-1: Swinging Strike
0-2: Ball
1-2: Ground out 4-3 (Groundball, 4M, EV 96.3 MPH)
Top of the 9th over - 0 runs, 0 hits, 0 errors, 0 left on base; Scranton WB 4 - Durham 7
Thursday, March 28th , 2024 - OOTP Baseball 24.11 Build 85